 Dungeon Crawl Stone Soup version 0.19-a0-1021-g80cc50c (webtiles) character file.

256 Buffagor the Cudgeler (level 5, -8/42 HPs)
             Began as a Demonspawn Fighter on July 26, 2016.
             Killed from afar by Natasha (9 damage)
             ... with a magic dart
             ... on level 3 of the Dungeon.
             The game lasted 00:03:52 (3076 turns).

Buffagor the Cudgeler (Demonspawn Fighter)          Turns: 3076, Time: 00:03:52

Health: -8/42      AC:  0    Str: 17    XL:     5   Next: 92%
Magic:  5/5        EV: 13    Int:  9    God:
Gold:   136        SH:  0    Dex: 13    Spells: 0 memorised, 4 levels left

rFire  . . .     SeeInvis .     (weapon currently unavailable)
rCold  . . .     Gourm    .     (armour currently unavailable)
rNeg   . . .     Faith    .     (shield currently unavailable)
rPois  .         Spirit   .     (helmet currently unavailable)
rElec  .         Dismiss  .     (cloak currently unavailable)
rCorr  .         Reflect  .     (gloves currently unavailable)
SustAt .         Harm     .     (boots currently unavailable)
MR     .....                    v - amulet of magic regeneration
Stlth  +.........               (ring currently unavailable)
                                (ring currently unavailable)

@: pig-form (expiring), very quick, not resistant to hostile enchantments, very
unstealthy
A: (hooves 0), (icy blue scales 0), powered by pain 1
a: no special abilities


You were on level 3 of the Dungeon.
You were near starving.
You were a filthy swine.
You visited 1 branch of the dungeon, and saw 3 of its levels.

You collected 136 gold pieces.

Inventory:

Hand Weapons
 a - a +0 flail (melded)
Armour
 b - a +0 scale mail
 c - a +0 shield (melded)
 m - a +0 chain mail (melded)
Jewellery
 i - an uncursed amulet of dismissal
 j - an uncursed ring of flight
 q - a ring of positive energy (melded)
 r - a cursed ring of loudness (melded)
 v - an amulet of magic regeneration (around neck)
 w - an uncursed ring of positive energy
Wands
 p - a wand of teleportation (5/9)
Scrolls
 l - a scroll of identify {unknown}
 n - a scroll of blinking {unknown}
Potions
 d - a potion of might
 e - a potion of haste {unknown}
 h - a potion of curing {unknown}
 k - a potion of ambrosia {unknown}
 o - 3 potions of lignification {unknown}
 s - 2 potions of heal wounds {unknown}
 u - a potion of cancellation {unknown}
 x - a potion of resistance {unknown}
Comestibles
 f - 5 bread rations
 g - 4 meat rations
 t - a royal jelly
 z - a slice of pizza


   Skills:
 + Level 4.0 Fighting
 * Level 4.1 Maces & Flails
 + Level 3.3 Armour
 + Level 3.4 Shields


You had 4 spell levels left.
You didn't know any spells.

Dungeon Overview and Level Annotations

Branches:
Dungeon (3/15)

Altars:
Ashenzari
Makhleb
Okawaru

Annotations:
D:3 Natasha


Innate Abilities, Weirdness & Mutations

((You have large cloven feet.))
((You are partially covered in icy blue scales. (AC +1)))
You sometimes gain a little power by taking damage.


Message History

You are too injured to fight recklessly!
You are too injured to fight recklessly!
You are too injured to fight recklessly!
You are too injured to fight recklessly!
You hit Natasha but do no damage.
Natasha is moderately wounded.
The crimson imp barely misses you. Natasha claws you!
* * * LOW HITPOINT WARNING * * *
Natasha zaps a wand.
You resist with some effort.
You see here a mace.
The crimson imp blinks!
Natasha stares at you and mumbles some strange words.
The magic dart hits you!
* * * LOW HITPOINT WARNING * * *
The crimson imp disappears in a puff of smoke!
Natasha zaps a wand.
Your transformation is almost over.
Natasha stares at you and mumbles some strange words.
The magic dart hits you!
You die...

##.......# .'.......#
##.......# #.......#
##.ยง....#################
........................#
....)......############.#
#####......######### #.#
##.......h......h..# #.#
...........#######.# #.#
.................# # #.#
.................# #.#
.....#...........# #.#
.....+...........# #.#
..####...........#
#.######
....(.#########..#
##......# ......# ##8##
..# #..####.#


You could see Natasha.

Vanquished Creatures
  Terence (D:2)
  Natasha (twice) (D:3)
  4 gnolls (D:3)
  5 adders
  3 worms
  2 dart slugs (D:1)
  2 giant geckos (D:1)
  4 orcs (D:3)
  6 giant cockroaches
  8 goblins
  11 hobgoblins
  A jackal (D:3)
  A quokka (D:3)
  A ball python (D:3)
  8 bats
  4 giant newts
  11 kobolds
  8 rats
82 creatures vanquished.

Notes
Turn   | Place    | Note
-------+----------+-------------------------------------------
     0 | D:1      | Buffagor the Demonspawn Fighter began the quest for the Orb.
     0 | D:1      | Reached XP level 1. HP: 18/18 MP: 1/1
   141 | D:1      | Gained mutation: You are partially covered in icy blue scales. (AC +1) [demonic ancestry]
   141 | D:1      | Reached XP level 2. HP: 15/24 MP: 2/2
   395 | D:1      | Gained mutation: You have large cloven feet. [demonic ancestry]
   395 | D:1      | Reached XP level 3. HP: 24/29 MP: 3/3
   968 | D:2      | Noticed Terence
  1006 | D:2      | Killed Terence
  1006 | D:2      | Gained mutation: You sometimes gain a little power by taking damage. [demonic ancestry]
  1006 | D:2      | Reached XP level 4. HP: 11/36 MP: 4/4
  1573 | D:2      | Found a shattered altar of Ashenzari.
  2258 | D:3      | Reached XP level 5. HP: 27/42 MP: 5/5
  2311 | D:3      | Found a faded altar of an unknown god.
  2497 | D:3      | Noticed Natasha
  2505 | D:3      | Killed Natasha
  2683 | D:3      | Found an iron altar of Okawaru.
  2744 | D:3      | Found a burning altar of Makhleb.
  2988 | D:3      | Noticed Natasha
  2996 | D:3      | Killed Natasha
  3047 | D:3      | Noticed Natasha
  3069 | D:3      | HP: 1/42 [Natasha/magic dart (7)]
  3076 | D:3      | Killed from afar by Natasha

Vault maps used:
D:1:      evilmike_arrival_rings
D:2:      lemuel_round_altar, first_bread, uniq_terence
D:3:      nicolae_overflow_hidden_temple, ecumenical_altar_2, serial_bayou,
          serial_bayou_crossing, serial_bayou_pond_a, serial_bayou_shore_a,
          serial_bayou_lagoon_a, serial_bayou_pond_d, okawaru_altar_gauntlet_db,
          uniq_natasha

Skill      XL: |  1  2  3  4  5 |
---------------+----------------+-----
Maces & Flails | 2 3 4 |  4.1
Shields        | 3 |  3.4
Armour         | 3 |  3.3
Fighting       | 4 |  4.0

Action                   |  1- 3 |  4- 6 || total
-------------------------+-------+-------++-------
Melee: Flail             |   131 |   218 ||   349
       Kick              |    16 |    67 ||    83
       Unarmed           |       |     4 ||     4
  Eat: Chunk             |       |     6 ||     6
Armor: Scale mail        |    82 |       ||    82
       Chain mail        |       |   165 ||   165
Dodge: Dodged            |    41 |    56 ||    97
Block: Shield            |    68 |   157 ||   225
